 Dungeon Crawl Stone Soup version 0.30.0-20-g3615ddf2f0 (webtiles) character file.

Game seed: 17195240034076578834

62558 qw the Severer (level 15, -20/94 HPs)
             Began as a Gargoyle Fighter on May 29, 2023.
             Was a High Priest of Okawaru.
             Demolished by a red ugly thing (24 damage)
             ... on level 14 of the Dungeon.
             The game lasted 00:10:24 (17251 turns).

qw the Severer (Gargoyle Fighter)                  Turns: 17251, Time: 00:10:25

Health: -20/94     AC: 38    Str: 33    XL:     15   Next: 6%
Magic:  20/22      EV: 19    Int:  9    God:    Okawaru [*****.]
Gold:   1328       SH: 15    Dex: 18    Spells: 14/14 levels left

rFire   x . .        Y - +3 broad axe (flame)
rCold   . . .        k - +0 kite shield
rNeg    + . .        t - +1 plate armour
rPois   inf          g - +2 helmet
rElec   +            w - +2 cloak
rCorr   +            b - -2 pair of gloves of the Desolation of Salt {rF- rCorr Dex+9 Stlth-}
SInv    .            c - +0 pair of boots
Will    +....        r - amulet of regeneration Stlth
                     n - +5 ring of evasion
HPRegen 1.15/turn    j - +6 ring of strength
MPRegen 0.18/turn

%: no passive effects
@: heroic, flying
A: sickness immunity, AC +11, big wings, negative energy resistance 1,
electricity resistance, torment resistance 1, petrification resistance
a: Renounce Religion, Heroism, Finesse, Duel


You were on level 14 of the Dungeon.
You worshipped Okawaru.
Okawaru was extremely pleased with you.
You visited 3 branches of the dungeon, and saw 21 of its levels.
You also visited: Sewer.

You collected 1682 gold pieces.
You spent 354 gold pieces at shops.


Innate Abilities, Weirdness & Mutations

You are immune to sickness and miasma.
Your stone body is resilient. (AC +11)
You are immune to poison.
Your large and strong wings let you fly.
You resist negative energy. (rN+)
You are resistant to electric shocks. (rElec)
You are resistant to unholy torment.
You are immune to petrification.


   Skills:
 - Level 11.0(16.0) Fighting
 - Level 15.0(20.0) Axes
 - Level 5.9(10.9) Throwing
 - Level 11.0(16.0) Armour
 + Level 4.8(9.8) Dodging
 - Level 12.0(17.0) Shields
 - Level 10.0 Invocations


You had 14 spell levels left.
You didn't know any spells.
Your spell library was empty.

Inventory:

Hand Weapons
 Y - a +3 broad axe of flaming (weapon)
Missiles
 m - 6 boomerangs (quivered)
Armour
 b - the -2 pair of gloves of the Desolation of Salt (worn) {rF- rCorr Dex+9 Stlth-}
   (You found it on level 4 of the Dungeon)

   Dex:       It affects your dexterity (+9).
   rF:        It makes you vulnerable to fire.
   rCorr:     It protects you from acid and corrosion.
   Stlth:     It makes you less stealthy.
 c - a +0 pair of boots (worn)
 g - a +2 helmet (worn)
 k - a +0 kite shield (worn)
 t - a +1 plate armour (worn)
 w - a +2 cloak (worn)
Jewellery
 j - a +6 ring of strength (right hand)
 n - a +5 ring of evasion (left hand)
 p - a ring of ice
 r - an amulet of regeneration (around neck)
Scrolls
 h - 12 scrolls of identify
 o - 7 scrolls of teleportation
Potions
 d - 3 potions of might
 e - 4 potions of attraction
 f - 5 potions of lignification
 i - 3 potions of cancellation
 l - 6 potions of haste
 q - a potion of mutation
 s - 3 potions of magic
 u - 3 potions of curing
 v - a potion of heal wounds
 x - 2 potions of resistance

Dungeon Overview and Level Annotations

Branches:
Dungeon (15/15)            Temple (1/1) D:6            Lair (5/5) D:11
  Swamp (0/4) Lair:2       Spider (0/4) Lair:2        Slime (0/5) Lair:4
    Orc (0/2) D:11          Sewer (visited)
 Vaults: D:13-14     Depths: D:15

Altars:
Ashenzari
Cheibriados
Dithmenos
Elyvilon
Fedhas
Gozag
Hepliaklqana
Kikubaaqudgha
Nemelex Xobeh
Okawaru
Qazlal
Ru
Sif Muna
Trog
Vehumet
Wu Jian
Xom
Zin
The Shining One

Shops:
D:5 **   D:6 ?   D:9 !

Annotations:
D:4 2 runed translucent doors
D:5 1 runed translucent door, Crazy Yiuf
D:7 2 transporters, qw's ghost, novice GrFi
Lair:3 3 runed translucent doors, qw's ghost, journeyman GrFi


Message History

You slash the red ugly thing! You burn the red ugly thing.
The red ugly thing closely misses you. The red ugly thing misses you.
You hit the red ugly thing. You burn the red ugly thing.
The red ugly thing is heavily wounded.
You hit the red ugly thing.
The red ugly thing kicks you but does no damage.
You slash the red ugly thing!
The red ugly thing is severely wounded.
You barely miss the red ugly thing. You block the red ugly thing's attack.
The red ugly thing kicks you but does no damage.
You slash the red ugly thing! You burn the red ugly thing.
You kill the red ugly thing!
Okawaru accepts your kill.
You slash the red ugly thing! You burn the red ugly thing.
The red ugly thing kicks you but does no damage.
You hit the red ugly thing but do no damage.
The red ugly thing is heavily wounded.
You closely miss the brown ugly thing.
The brown ugly thing basks in the mutagenic energy from its kin and changes!
You hit the red ugly thing. You burn the red ugly thing.
The red ugly thing is severely wounded.
You barely miss the red ugly thing. The red ugly thing barely misses you.
You closely miss the red ugly thing.
The red ugly thing is heavily wounded.
You slash the red ugly thing! You burn the red ugly thing.
The red ugly thing kicks you.
You are engulfed in flames!!
The fire burns you terribly!
17250 ||| INVOKING Heroism.
You gain the combat prowess of a mighty hero.
You block the red ugly thing's attack.
The red ugly thing kicks you but does no damage.
You slice the red ugly thing!! You burn the red ugly thing.
The red ugly thing is almost dead.
You slice the red ugly thing!! You burn the red ugly thing!
The red ugly thing claws you.
You are engulfed in flames!!
The fire burns you terribly! The red ugly thing kicks you.
You are engulfed in flames!!
The fire burns you terribly!
You die...

#..#..#....#
#.....######
#.....# ####..#
#..###### #..#....#
##+ #..#....####
#...####..'.......#
#.........#....@u.#
#.........######u.#
#...####..# ..#
#####.....# ..#
#.........# ..+
#.........# ..#
#.........# ..#
########### ###


You could see 2 ugly things.

Vanquished Creatures
  3 dire elephants (Lair:5)
  Snorg (D:12)
  Josephine (Lair:4)
  2 hydras
  A centaur warrior (D:8)
  A catoblepas (D:8)
  2 death yaks (Lair:5)
  A tengu warrior (D:8)
  A boulder beetle (D:15)
  Lodul (D:14)
  A spectral anaconda (Lair:5)
  A bog body (Lair:2)
  An obsidian statue (Lair:5)
  An orc knight (D:15)
  5 necromancers (Lair:5)
  2 ugly things (D:14)
  A deep elf pyromancer (D:12)
  A manticore (D:7)
  A salamander (shapeshifter) (D:14)
  2 cyclopes
  18 elephants
  3 black mambas
  15 cane toads
  2 gargoyles (D:11)
  2 unseen horrors
  An efreet (D:9)
  10 komodo dragons
  6 rime drakes
  A kobold demonologist (D:11)
  A troll (D:9)
  2 polar bears
  Grinder (D:5)
  A spectral elephant (Lair:5)
  14 dream sheep (Lair:3)
  3 hornets
  25 blink frogs
  4 jumping spiders (Lair:2)
  Sigmund (D:6)
  4 slime creatures (D:15)
  A culicivora (Lair:2)
  A shadow (D:11)
  A dire elephant simulacrum (Lair:5)
  A vampire (D:9)
  2 wyverns
  Eustachio (D:6)
  3 basilisks
  4 fire bats (Lair:5)
  43 yaks
  4 wraiths
  A death yak simulacrum (Lair:5)
  3 vampire mosquitoes (D:12)
  2 swamp worms (Lair:1)
  An acid dragon (D:11)
  9 water moccasins
  Duvessa (D:5)
  A swamp drake (D:11)
  8 ice beasts
  8 orc warriors
  2 sky beasts (D:7)
  An elephant zombie (Lair:5)
  4 black bears
  An elephant skeleton (Lair:5)
  9 ogres
  22 wolves
  8 centaurs
  A phantom (D:5)
  3 kobold brigands
  2 cane toad simulacra (Lair:5)
  A scorpion (D:5)
  16 bullfrogs
  A gnoll sergeant (D:11)
  A wight (D:8)
  Dowan (D:5)
  A killer bee (D:8)
  6 howler monkeys
  8 electric eels (D:6)
  2 hounds
  3 jellies
  10 orc priests
  2 sleepcaps (D:5)
  An iguana (D:6)
  12 orc wizards
  A polar bear simulacrum (Lair:5)
  7 hell rats (Lair:1)
  4 wolf simulacra (Lair:5)
  2 yak simulacra (Lair:5)
  Robin (D:3)
  6 adders
  22 river rats
  18 gnolls
  A shadow imp (D:5)
  3 worms
  4 dart slugs
  43 orcs
  17 ball pythons
  5 endoplasms
  2 giant cockroaches (D:4)
  17 goblins
  14 hobgoblins
  5 jackals
  20 kobolds
  11 quokkas
  5 bats
  6 frilled lizards
  32 rats
  4 river rat simulacra (Lair:5)
  A spectral hobgoblin (D:7)
  A butterfly (D:9)
609 creatures vanquished.

Vanquished Creatures (others)
  A bullfrog (D:8)
1 creature vanquished.

Grand Total: 610 creatures vanquished

Notes
Turn   | Place    | Note
-------+----------+-------------------------------------------
     0 | D:1      | qw the Gargoyle Fighter began the quest for the Orb.
     0 | D:1      | Reached XP level 1. HP: 14/14 MP: 1/1
     0 | D:1      | 0 ||| qw: Version: 0.2-a-102-g2b76a06
     0 | D:1      | 0 ||| qw: Game counter: 384
     0 | D:1      | 0 ||| qw: Always use a shield: true
     0 | D:1      | 0 ||| qw: God list: Okawaru
     0 | D:1      | 0 ||| qw: Allow faded altars: false
     0 | D:1      | 0 ||| qw: Do Orc after D:15 true
     0 | D:1      | 0 ||| qw: Do second Lair branch before Depths: true
     0 | D:1      | 0 ||| qw: Lair rune preference: random
     0 | D:1      | 0 ||| qw: Plans: Normal, Zot:1-4, Slime:5, God:TSO, Crypt,
                  | Tomb, Pan, Hells, Abyss, Win
     0 | D:1      | 0 ||| PLANNING D:1-11
    42 | D:1      | 42 ||| DROPPING ring of flight.
    81 | D:1      | 81 ||| Stepping ~*~*~tactically~*~*~ (stealth).
    87 | D:1      | Reached skill level 2 in Axes
    94 | D:1      | Reached XP level 2. HP: 19/19 MP: 2/2
   156 | D:1      | 156 ||| Stepping ~*~*~tactically~*~*~ (stealth).
   192 | D:1      | 192 ||| Stepping ~*~*~tactically~*~*~ (stealth).
   195 | D:1      | 195 ||| Stepping ~*~*~tactically~*~*~ (stealth).
   250 | D:1      | Found a faded altar of an unknown god.
   402 | D:1      | Reached skill level 3 in Axes
   443 | D:1      | 443 ||| Stepping ~*~*~tactically~*~*~ (stealth).
   449 | D:1      | Reached XP level 3. HP: 23/23 MP: 3/3
   510 | D:1      | 510 ||| UPGRADING to +1 helmet.
   754 | D:1      | 754 ||| Stepping ~*~*~tactically~*~*~ (stealth).
   755 | D:1      | 755 ||| READING scroll labelled SEMEUKK LAIRPHO.
   756 | D:1      | 756 ||| READING scroll labelled KURU ZAFOXOYL.
  1010 | D:2      | 1010 ||| Stepping ~*~*~tactically~*~*~ (stealth).
  1012 | D:2      | 1012 ||| Stepping ~*~*~tactically~*~*~ (hiding).
  1020 | D:2      | Reached XP level 4. HP: 26/28 MP: 4/4
  1026 | D:2      | 1026 ||| Stepping ~*~*~tactically~*~*~ (stealth).
  1029 | D:2      | 1029 ||| Stepping ~*~*~tactically~*~*~ (hiding).
  1030 | D:2      | 1030 ||| Stepping ~*~*~tactically~*~*~ (hiding).
  1032 | D:2      | 1032 ||| Stepping ~*~*~tactically~*~*~ (hiding).
  1033 | D:2      | 1033 ||| Stepping ~*~*~tactically~*~*~ (hiding).
  1044 | D:2      | 1044 ||| Stepping ~*~*~tactically~*~*~ (stealth).
  1076 | D:2      | Reached skill level 4 in Axes
  1076 | D:2      | 1076 ||| DROPPING +0 club.
  1294 | D:2      | 1294 ||| UPGRADING to +0 chain mail.
  1304 | D:2      | 1304 ||| DROPPING +0 scale mail.
  1305 | D:2      | 1305 ||| READING scroll labelled CAASCH ENUOJOR.
  1306 | D:2      | 1306 ||| READING scroll labelled BOIXAI MIEREPP.
  1307 | D:2      | 1307 ||| DRINKING 2 clear potions.
  1308 | D:2      | 1308 ||| DRINKING 2 cyan potions.
  1309 | D:2      | 1309 ||| DROPPING potion of brilliance.
  1368 | D:3      | 1368 ||| Stepping ~*~*~tactically~*~*~ (hiding).
  1373 | D:3      | 1373 ||| Stepping ~*~*~tactically~*~*~ (hiding).
  1378 | D:3      | Noticed Robin
  1383 | D:3      | HP: 7/28 [gnoll/+0 flail (6)]
  1384 | D:3      | 1384 ||| DRINKING potion of heal wounds.
  1393 | D:3      | HP: 7/28 [Robin/+0 spear (4)]
  1395 | D:3      | Reached XP level 5. HP: 8/32 MP: 5/5
  1408 | D:3      | Killed Robin
  1458 | D:3      | 1458 ||| FLEEEEING.
  1459 | D:3      | 1459 ||| FLEEEEING.
  1634 | D:3      | 1634 ||| Stepping ~*~*~tactically~*~*~ (hiding).
  1747 | D:3      | 1747 ||| Stepping ~*~*~tactically~*~*~ (hiding).
  1816 | D:3      | 1816 ||| Stepping ~*~*~tactically~*~*~ (stealth).
  2207 | D:3      | 2207 ||| READING scroll labelled TENECV BEVOUZ.
  2208 | D:3      | 2208 ||| READING 4 scrolls of identify.
  2208 | D:3      | 2208 ||| IDENTIFYING red potion
  2209 | D:3      | 2209 ||| DRINKING potion of experience.
  2209 | D:3      | Reached skill level 12 in Axes
  2209 | D:3      | Reached XP level 6. HP: 37/37 MP: 6/6
  2210 | D:3      | 2210 ||| READING 3 scrolls of identify.
  2210 | D:3      | 2210 ||| IDENTIFYING dark potion
  2211 | D:3      | 2211 ||| READING 2 scrolls of identify.
  2211 | D:3      | 2211 ||| IDENTIFYING murky inky potion
  2453 | D:4      | Identified the -2 pair of gloves of the Desolation of Salt
                  | {rF- rCorr Dex+9 Stlth-}
  2512 | D:4      | Found a large runed translucent door.
  2512 | D:4      | Found a large runed translucent door.
  2685 | D:4      | 2685 ||| Stepping ~*~*~tactically~*~*~ (stealth).
  2688 | D:4      | 2688 ||| Stepping ~*~*~tactically~*~*~ (stealth).
  2702 | D:4      | 2702 ||| Stepping ~*~*~tactically~*~*~ (stealth).
  2713 | D:4      | 2713 ||| Stepping ~*~*~tactically~*~*~ (stealth).
  2715 | D:4      | 2715 ||| Stepping ~*~*~tactically~*~*~ (stealth).
  2786 | D:4      | 2786 ||| Stepping ~*~*~tactically~*~*~ (hiding).
  2789 | D:4      | 2789 ||| Stepping ~*~*~tactically~*~*~ (hiding).
  3109 | D:4      | 3109 ||| UPGRADING to -2 pair of gloves of the Desolation
                  | of Salt {rF- rCorr Dex+9 Stlth-}.
  3114 | D:4      | 3114 ||| UPGRADING to ring of willpower.
  3115 | D:4      | 3115 ||| READING scroll labelled YMUAVUOBOV.
  3116 | D:4      | 3116 ||| READING 3 scrolls of identify.
  3116 | D:4      | 3116 ||| IDENTIFYING fizzy clear potion
  3117 | D:4      | 3117 ||| READING 2 scrolls of identify.
  3117 | D:4      | 3117 ||| IDENTIFYING fizzy emerald potion
  3118 | D:4      | 3118 ||| DROPPING potion of flight.
  3131 | D:5      | Entered Level 5 of the Dungeon
  3132 | D:5      | 3132 ||| PLANNING SEWER
  3199 | D:5      | Found a radiant altar of Vehumet.
  3278 | D:5      | 3278 ||| Stepping ~*~*~tactically~*~*~ (stealth).
  3281 | D:5      | 3281 ||| Stepping ~*~*~tactically~*~*~ (stealth).
  3298 | D:5      | Reached skill level 1 in Dodging
  3298 | D:5      | Reached XP level 7. HP: 34/41 MP: 7/7
  3341 | D:5      | Reached skill level 1 in Throwing
  3418 | D:5      | Noticed Grinder
  3429 | D:5      | Killed Grinder
  3459 | D:5      | 3459 ||| Stepping ~*~*~tactically~*~*~ (stealth).
  3460 | D:5      | 3460 ||| Stepping ~*~*~tactically~*~*~ (stealth).
  3471 | D:5      | Reached XP level 8. HP: 44/49 MP: 8/8
  3517 | D:5      | Noticed Duvessa
  3518 | D:5      | Noticed Dowan
  3519 | D:5      | 3519 ||| Stepping ~*~*~tactically~*~*~ (stealth).
  3520 | D:5      | 3520 ||| Stepping ~*~*~tactically~*~*~ (stealth).
  3529 | D:5      | Killed Duvessa
  3534 | D:5      | 3534 ||| Stepping ~*~*~tactically~*~*~ (stealth).
  3558 | D:5      | Killed Dowan
  3624 | D:5      | Found Xoteofev's General Store.
  3633 | D:5      | Found Lalle's Specific Store.
  3639 | D:5      | 3639 ||| BUYING potion of haste (120 gold).
  3639 | D:5      | Bought a potion of haste for 120 gold pieces
  3673 | D:5      | Found a glowing drain.
  3674 | D:5      | 3674 ||| READING scroll labelled GETEVVODEM.
  3675 | D:5      | 3675 ||| DRINKING 2 purple potions.
  3676 | D:5      | 3676 ||| DRINKING 2 fizzy red potions.
  3677 | D:5      | 3677 ||| DROPPING potion of magic.
  3683 | Sewer    | Entered a sewer
  3932 | Sewer    | 3932 ||| Stepping ~*~*~tactically~*~*~ (water).
  4021 | Sewer    | 4021 ||| READING scroll labelled ZECRAW HI OLAM.
  4025 | D:5      | 4025 ||| PLANNING D:1-11
  4373 | D:5      | Found a runed translucent door.
  4374 | D:5      | Noticed Crazy Yiuf
  4377 | D:5      | 4377 ||| READING 2 scrolls of identify.
  4377 | D:5      | 4377 ||| IDENTIFYING lumpy black potion
  4378 | D:5      | 4378 ||| DROPPING potion of invisibility.
  4468 | D:6      | Found Zaujuh's Magic Scroll Shop.
  4470 | D:6      | 4470 ||| BUYING scroll of brand weapon (123 gold).
  4470 | D:6      | Bought a scroll of brand weapon for 123 gold pieces
  4470 | D:6      | 4470 ||| SHOPLISTING scroll of enchant armour (97 gold,
                  | have 43).
  4470 | D:6      | 4470 ||| SHOPLISTING scroll of enchant weapon (97 gold,
                  | have 43).
  4470 | D:6      | 4470 ||| BUYING scroll of teleportation (39 gold).
  4470 | D:6      | Bought a scroll of teleportation for 39 gold pieces
  4470 | D:6      | 4470 ||| READING scroll of brand weapon.
  4470 | D:6      | 4470 ||| BRANDING +1 war axe.
  4527 | D:6      | Noticed Sigmund
  4528 | D:6      | 4528 ||| Stepping ~*~*~tactically~*~*~ (hiding).
  4537 | D:6      | Killed Sigmund
  4538 | D:6      | Reached skill level 6 in Fighting
  4538 | D:6      | Reached XP level 9. HP: 44/55 MP: 9/9
  4777 | D:6      | 4777 ||| Stepping ~*~*~tactically~*~*~ (stealth).
  4804 | D:6      | 4804 ||| Stepping ~*~*~tactically~*~*~ (stealth).
  4809 | D:6      | 4809 ||| DRINKING 2 coppery potions.
  4810 | D:6      | 4810 ||| DRINKING 2 potions of curing.
  4810 | D:6      | 4810 ||| (to cure confusion)
  4811 | D:6      | 4811 ||| DROPPING potion of ambrosia.
  4832 | D:6      | HP: 12/56 [electric eel/bolt of electricity (4)]
  4833 | D:6      | 4833 ||| READING 6 scrolls of teleportation.
  4834 | D:6      | 4834 ||| DRINKING potion of heal wounds.
  5330 | D:6      | Noticed Eustachio
  5356 | D:6      | Killed Eustachio
  5393 | D:6      | 5393 ||| READING scroll of enchant armour.
  5393 | D:6      | 5393 ||| ENCHANTING +1 helmet.
  5456 | D:6      | Found a staircase to the Ecumenical Temple.
  5457 | D:6      | 5457 ||| PLANNING TEMPLE
  5457 | D:6      | 5457 ||| READING scroll labelled RYUTTITRE YNUO.
  5467 | Temple   | Entered the Ecumenical Temple
  5475 | Temple   | 5475 ||| PLANNING OKAWARU WORSHIP
  5564 | Temple   | Became a worshipper of Warmaster Okawaru
  5564 | Temple   | 5564 ||| PLANNING D:1-11
  5831 | D:7      | Reached skill level 3 in Dodging
  5853 | D:7      | 5853 ||| Stepping ~*~*~tactically~*~*~ (stealth).
  5870 | D:7      | 5870 ||| Stepping ~*~*~tactically~*~*~ (stealth).
  6002 | D:7      | Found a transporter.
  6003 | D:7      | Noticed qw's ghost (novice GrFi)
  6005 | D:7      | Found a transporter.
  6123 | D:7      | 6123 ||| Stepping ~*~*~tactically~*~*~ (stealth).
  6125 | D:7      | 6125 ||| Stepping ~*~*~tactically~*~*~ (hiding).
  6134 | D:7      | Reached XP level 10. HP: 55/64 MP: 10/10
  6189 | D:7      | 6189 ||| DROPPING +0 flail.
  6196 | D:7      | 6196 ||| READING scroll of enchant weapon.
  6196 | D:7      | 6196 ||| ENCHANTING +1 war axe of venom.
  6218 | D:7      | Reached * piety under Okawaru
  6221 | D:7      | Noticed a manticore
  6222 | D:7      | 6222 ||| INVOKING Heroism.
  6226 | D:7      | HP: 5/64 [manticore (15)]
  6227 | D:7      | 6227 ||| READING 5 scrolls of teleportation.
  6228 | D:7      | 6228 ||| DRINKING potion of heal wounds.
  6440 | D:7      | 6440 ||| Stepping ~*~*~tactically~*~*~ (stealth).
  6442 | D:7      | 6442 ||| Stepping ~*~*~tactically~*~*~ (hiding).
  6447 | D:7      | 6447 ||| INVOKING Heroism.
  6457 | D:7      | Killed a manticore
  6458 | D:7      | Reached skill level 3 in Throwing
  6550 | D:7      | 6550 ||| INVOKING Heroism.
  6563 | D:7      | 6563 ||| INVOKING Heroism.
  6656 | D:7      | 6656 ||| Stepping ~*~*~tactically~*~*~ (stealth).
  6755 | D:7      | Reached skill level 1 in Invocations
  7029 | D:7      | Found a hazy altar of Hepliaklqana.
  7036 | D:7      | 7036 ||| UPGRADING to +6 ring of strength.
  7062 | D:8      | Found an opulent altar of Gozag.
  7085 | D:8      | 7085 ||| Stepping ~*~*~tactically~*~*~ (hiding).
  7099 | D:8      | 7099 ||| Stepping ~*~*~tactically~*~*~ (stealth).
  7140 | D:8      | 7140 ||| Stepping ~*~*~tactically~*~*~ (stealth).
  7257 | D:8      | 7257 ||| Stepping ~*~*~tactically~*~*~ (stealth).
  7260 | D:8      | 7260 ||| INVOKING Heroism.
  7288 | D:8      | Reached skill level 3 in Invocations
  7290 | D:8      | Reached skill level 6 in Armour
  7309 | D:8      | 7309 ||| Stepping ~*~*~tactically~*~*~ (stealth).
  7311 | D:8      | 7311 ||| Stepping ~*~*~tactically~*~*~ (hiding).
  7313 | D:8      | 7313 ||| Stepping ~*~*~tactically~*~*~ (hiding).
  7314 | D:8      | 7314 ||| Stepping ~*~*~tactically~*~*~ (hiding).
  7316 | D:8      | 7316 ||| INVOKING Heroism.
  7321 | D:8      | 7321 ||| Stepping ~*~*~tactically~*~*~ (hiding).
  7343 | D:8      | 7343 ||| FLEEEEING.
  7344 | D:8      | 7344 ||| FLEEEEING.
  7353 | D:8      | 7353 ||| STAIRDANCE
  7424 | D:8      | Noticed a tengu warrior
  7440 | D:8      | Killed a tengu warrior
  7440 | D:8      | Reached ** piety under Okawaru
  7491 | D:8      | 7491 ||| Stepping ~*~*~tactically~*~*~ (stealth).
  7492 | D:8      | 7492 ||| Stepping ~*~*~tactically~*~*~ (stealth).
  7501 | D:8      | 7501 ||| Stepping ~*~*~tactically~*~*~ (stealth).
  7504 | D:8      | Noticed a centaur warrior
  7506 | D:8      | Noticed a catoblepas
  7507 | D:8      | 7507 ||| INVOKING Heroism.
  7514 | D:8      | Killed a centaur warrior
  7515 | D:8      | Reached XP level 11. HP: 63/69 MP: 11/14
  7523 | D:8      | Killed a catoblepas
  7524 | D:8      | Reached skill level 9 in Fighting
  7567 | D:8      | 7567 ||| Stepping ~*~*~tactically~*~*~ (hiding).
  7575 | D:8      | Reached *** piety under Okawaru
  7828 | D:8      | Identified the +5 flail "Vinuqies" {heavy, rN++ Int-5}
  7830 | D:8      | 7830 ||| DROPPING +5 flail "Vinuqies" {heavy, rN++ Int-5}.
  7870 | D:8      | Noticed a cyclops
  7871 | D:8      | 7871 ||| INVOKING Heroism.
  7877 | D:8      | Killed a cyclops
  8015 | D:8      | 8015 ||| UPGRADING to +5 ring of evasion.
  8017 | D:8      | 8017 ||| DROPPING ring of willpower.
  8018 | D:8      | 8018 ||| READING 2 scrolls of identify.
  8018 | D:8      | 8018 ||| IDENTIFYING fizzy purple potion
  8019 | D:8      | 8019 ||| DROPPING potion of degeneration.
  8046 | D:9      | Found a shimmering altar of Xom.
  8118 | D:9      | 8118 ||| INVOKING Heroism.
  8318 | D:9      | 8318 ||| Stepping ~*~*~tactically~*~*~ (hiding).
  8319 | D:9      | 8319 ||| Stepping ~*~*~tactically~*~*~ (hiding).
  8340 | D:9      | Found Potopt's Distillery.
  8341 | D:9      | 8341 ||| INVOKING Heroism.
  8349 | D:9      | Reached skill level 6 in Shields
  8370 | D:9      | 8370 ||| BUYING 2 potions of attraction (72 gold).
  8370 | D:9      | Bought 2 potions of attraction for 72 gold pieces
  8370 | D:9      | 8370 ||| SHOPLISTING 2 potions of attraction (72 gold, have
                  | 25).
  8370 | D:9      | 8370 ||| SHOPLISTING 2 potions of haste (240 gold, have
                  | 25).
  8370 | D:9      | 8370 ||| SHOPLISTING potion of attraction (36 gold, have
                  | 25).
  8370 | D:9      | 8370 ||| SHOPLISTING potion of curing (36 gold, have 25).
  8370 | D:9      | 8370 ||| SHOPLISTING potion of might (48 gold, have 25).
  8370 | D:9      | 8370 ||| SHOPLISTING potion of mutation (96 gold, have 25).
  8377 | D:9      | Noticed a tengu warrior
  8377 | D:9      | Noticed a five-headed hydra
  8377 | D:9      | Noticed a deep elf pyromancer
  8378 | D:9      | Noticed a boulder beetle
  8379 | D:9      | Noticed a cyclops
  8787 | D:9      | Found a glowing golden altar of the Shining One.
  8835 | D:9      | Noticed a catoblepas
  8835 | D:9      | Noticed a centaur warrior
  8835 | D:9      | Noticed a cyclops
  8835 | D:9      | Noticed a white ugly thing
  8942 | D:9      | 8942 ||| UPGRADING to amulet of regeneration.
  8958 | D:10     | Entered Level 10 of the Dungeon
  9021 | D:10     | 9021 ||| READING scroll of enchant weapon.
  9021 | D:10     | 9021 ||| ENCHANTING +2 war axe of venom.
  9033 | D:10     | 9033 ||| Stepping ~*~*~tactically~*~*~ (hiding).
  9047 | D:10     | 9047 ||| INVOKING Heroism.
  9084 | D:10     | 9084 ||| DRINKING 2 potions of curing.
  9084 | D:10     | 9084 ||| (to cure confusion)
  9093 | D:10     | 9093 ||| DRINKING potion of curing.
  9093 | D:10     | 9093 ||| (to cure confusion)
  9110 | D:10     | 9110 ||| Stepping randomly (disturbance).
  9684 | D:11     | Found a shimmering blue altar of Sif Muna.
  9750 | D:11     | 9750 ||| Stepping ~*~*~tactically~*~*~ (hiding).
  9752 | D:11     | 9752 ||| INVOKING Heroism.
  9755 | D:11     | Found a staircase to the Lair.
  9786 | D:11     | Reached **** piety under Okawaru
  9794 | D:11     | 9794 ||| INVOKING Heroism.
  9884 | D:11     | 9884 ||| Stepping ~*~*~tactically~*~*~ (hiding).
  9886 | D:11     | 9886 ||| Stepping ~*~*~tactically~*~*~ (hiding).
  9906 | D:11     | 9906 ||| Stepping ~*~*~tactically~*~*~ (stealth).
  9910 | D:11     | 9910 ||| Stepping ~*~*~tactically~*~*~ (stealth).
  9912 | D:11     | 9912 ||| Stepping ~*~*~tactically~*~*~ (stealth).
  9914 | D:11     | 9914 ||| Stepping ~*~*~tactically~*~*~ (hiding).
  9916 | D:11     | 9916 ||| Stepping ~*~*~tactically~*~*~ (hiding).
  9917 | D:11     | 9917 ||| INVOKING Heroism.
  9923 | D:11     | 9923 ||| Stepping ~*~*~tactically~*~*~ (stealth).
  9928 | D:11     | 9928 ||| Stepping ~*~*~tactically~*~*~ (stealth).
  9934 | D:11     | 9934 ||| Stepping ~*~*~tactically~*~*~ (stealth).
  9936 | D:11     | 9936 ||| Stepping ~*~*~tactically~*~*~ (stealth).
  9938 | D:11     | 9938 ||| Stepping ~*~*~tactically~*~*~ (stealth).
  9942 | D:11     | 9942 ||| Stepping ~*~*~tactically~*~*~ (stealth).
  9948 | D:11     | 9948 ||| Stepping ~*~*~tactically~*~*~ (stealth).
  9950 | D:11     | 9950 ||| INVOKING Heroism.
  9951 | D:11     | 9951 ||| Stepping ~*~*~tactically~*~*~ (stealth).
  9961 | D:11     | Reached skill level 13 in Axes
  9974 | D:11     | 9974 ||| Stepping ~*~*~tactically~*~*~ (stealth).
  9978 | D:11     | 9978 ||| Stepping ~*~*~tactically~*~*~ (hiding).
  9979 | D:11     | 9979 ||| Stepping ~*~*~tactically~*~*~ (hiding).
  9980 | D:11     | 9980 ||| Stepping ~*~*~tactically~*~*~ (hiding).
  9986 | D:11     | Received a gift from Okawaru
  9987 | D:11     | Reached XP level 12. HP: 77/77 MP: 15/15
  9987 | D:11     | 9987 ||| INVOKING Heroism.
 10011 | D:11     | 10011 ||| Stepping ~*~*~tactically~*~*~ (stealth).
 10012 | D:11     | 10012 ||| Stepping ~*~*~tactically~*~*~ (stealth).
 10013 | D:11     | 10013 ||| Stepping ~*~*~tactically~*~*~ (stealth).
 10014 | D:11     | 10014 ||| Stepping ~*~*~tactically~*~*~ (stealth).
 10015 | D:11     | 10015 ||| Stepping ~*~*~tactically~*~*~ (stealth).
 10016 | D:11     | 10016 ||| Stepping ~*~*~tactically~*~*~ (stealth).
 10017 | D:11     | 10017 ||| Stepping ~*~*~tactically~*~*~ (stealth).
 10018 | D:11     | 10018 ||| Stepping ~*~*~tactically~*~*~ (stealth).
 10033 | D:11     | Found a staircase to the Orcish Mines.
 10269 | D:11     | 10269 ||| Stepping ~*~*~tactically~*~*~ (stealth).
 10277 | D:11     | 10277 ||| Stepping ~*~*~tactically~*~*~ (stealth).
 10278 | D:11     | 10278 ||| Stepping ~*~*~tactically~*~*~ (stealth).
 10279 | D:11     | 10279 ||| Stepping ~*~*~tactically~*~*~ (stealth).
 10280 | D:11     | 10280 ||| Stepping ~*~*~tactically~*~*~ (stealth).
 10290 | D:11     | Received a gift from Okawaru
 10407 | D:11     | 10407 ||| PLANNING LAIR
 10407 | D:11     | 10407 ||| DROPPING +2 ring mail of cold resistance.
 10408 | D:11     | 10408 ||| UPGRADING to +0 plate armour.
 10418 | D:11     | 10418 ||| DROPPING +0 chain mail.
 10419 | D:11     | 10419 ||| READING scroll labelled JAN YTEKKY.
 10458 | Lair:1   | Entered Level 1 of the Lair of Beasts
 10459 | Lair:1   | 10459 ||| INVOKING Heroism.
 10470 | Lair:1   | Reached skill level 6 in Invocations
 10498 | Lair:1   | 10498 ||| Stepping ~*~*~tactically~*~*~ (hiding).
 10499 | Lair:1   | 10499 ||| Stepping ~*~*~tactically~*~*~ (hiding).
 10503 | Lair:1   | 10503 ||| INVOKING Heroism.
 10741 | Lair:1   | 10741 ||| READING scroll of brand weapon.
 10741 | Lair:1   | 10741 ||| BRANDING +3 war axe of venom.
 10778 | Lair:1   | 10778 ||| Stepping ~*~*~tactically~*~*~ (stealth).
 10781 | Lair:1   | 10781 ||| Stepping ~*~*~tactically~*~*~ (stealth).
 10785 | Lair:1   | 10785 ||| Stepping ~*~*~tactically~*~*~ (stealth).
 10789 | Lair:1   | 10789 ||| Stepping ~*~*~tactically~*~*~ (stealth).
 10799 | Lair:1   | 10799 ||| Stepping ~*~*~tactically~*~*~ (stealth).
 10806 | Lair:1   | 10806 ||| INVOKING Heroism.
 10810 | Lair:1   | 10810 ||| Stepping ~*~*~tactically~*~*~ (stealth).
 10824 | Lair:1   | 10824 ||| Stepping ~*~*~tactically~*~*~ (stealth).
 10826 | Lair:1   | 10826 ||| Stepping ~*~*~tactically~*~*~ (stealth).
 10830 | Lair:1   | 10830 ||| Stepping ~*~*~tactically~*~*~ (stealth).
 10838 | Lair:1   | 10838 ||| INVOKING Heroism.
 10850 | Lair:1   | 10850 ||| Stepping ~*~*~tactically~*~*~ (stealth).
 10859 | Lair:1   | 10859 ||| Stepping ~*~*~tactically~*~*~ (stealth).
 10862 | Lair:1   | 10862 ||| Stepping ~*~*~tactically~*~*~ (stealth).
 10864 | Lair:1   | 10864 ||| Stepping ~*~*~tactically~*~*~ (stealth).
 10870 | Lair:1   | 10870 ||| Stepping ~*~*~tactically~*~*~ (stealth).
 10872 | Lair:1   | 10872 ||| Stepping ~*~*~tactically~*~*~ (stealth).
 10880 | Lair:1   | 10880 ||| Stepping ~*~*~tactically~*~*~ (stealth).
 10907 | Lair:1   | 10907 ||| Stepping ~*~*~tactically~*~*~ (stealth).
 10909 | Lair:1   | 10909 ||| Stepping ~*~*~tactically~*~*~ (stealth).
 10912 | Lair:1   | 10912 ||| Stepping ~*~*~tactically~*~*~ (stealth).
 10918 | Lair:1   | 10918 ||| Stepping ~*~*~tactically~*~*~ (stealth).
 10921 | Lair:1   | 10921 ||| Stepping ~*~*~tactically~*~*~ (stealth).
 10944 | Lair:1   | 10944 ||| Stepping ~*~*~tactically~*~*~ (stealth).
 11189 | Lair:1   | You fall into a shaft and drop 1 floor!
 11209 | Lair:2   | 11209 ||| Stepping ~*~*~tactically~*~*~ (stealth).
 11218 | Lair:2   | 11218 ||| Stepping ~*~*~tactically~*~*~ (stealth).
 11256 | Lair:2   | 11256 ||| Stepping ~*~*~tactically~*~*~ (stealth).
 11311 | Lair:2   | 11311 ||| Stepping ~*~*~tactically~*~*~ (hiding).
 11313 | Lair:2   | Found a staircase to the Swamp.
 11316 | Lair:2   | 11316 ||| INVOKING Heroism.
 11318 | Lair:2   | Received a gift from Okawaru
 11517 | Lair:2   | 11517 ||| READING scroll labelled DUYLUNKE KUFYSED.
 11518 | Lair:2   | 11518 ||| READING scroll labelled FUESYSS SAGEFA.
 11518 | Lair:2   | Identified a scroll of acquirement
 11518 | Lair:2   | 11518 ||| ACQUIRING +2 broad axe of flaming
 11518 | Lair:2   | Acquired a +2 broad axe of flaming
 11520 | Lair:2   | 11520 ||| SWAPPING to +2 broad axe of flaming.
 11521 | Lair:2   | 11521 ||| DROPPING +0 morningstar.
 11522 | Lair:2   | 11522 ||| DROPPING +3 war axe of electrocution.
 11523 | Lair:2   | 11523 ||| READING 7 scrolls of identify.
 11523 | Lair:2   | 11523 ||| IDENTIFYING sedimented puce potion
 11915 | Lair:1   | 11915 ||| INVOKING Heroism.
 11966 | Lair:2   | 11966 ||| INVOKING Heroism.
 12017 | Lair:2   | Reached skill level 9 in Armour
 12017 | Lair:2   | Reached skill level 9 in Invocations
 12020 | Lair:2   | Reached XP level 13. HP: 66/82 MP: 19/19
 12314 | Lair:2   | 12314 ||| READING scroll of enchant armour.
 12314 | Lair:2   | 12314 ||| ENCHANTING +0 plate armour.
 12400 | Lair:2   | Reached ***** piety under Okawaru
 12407 | Lair:2   | Found a hole to the Spider Nest.
 12409 | Lair:2   | 12409 ||| UPGRADING to +0 cloak.
 12414 | Lair:2   | 12414 ||| READING scroll labelled FURIX LENUS.
 12640 | Lair:3   | Received a gift from Okawaru
 12723 | Lair:3   | 12723 ||| INVOKING Heroism.
 12781 | Lair:3   | 12781 ||| INVOKING Heroism.
 12836 | Lair:3   | 12836 ||| INVOKING Heroism.
 12920 | Lair:3   | 12920 ||| READING scroll of enchant armour.
 12920 | Lair:3   | 12920 ||| ENCHANTING +0 cloak.
 12951 | Lair:3   | 12951 ||| Stepping ~*~*~tactically~*~*~ (stealth).
 12952 | Lair:3   | 12952 ||| INVOKING Heroism.
 12979 | Lair:3   | 12979 ||| INVOKING Heroism.
 13046 | Lair:3   | Found a runed translucent gate.
 13047 | Lair:3   | Found a runed translucent gate.
 13048 | Lair:3   | Found a runed translucent gate.
 13050 | Lair:3   | Noticed qw's ghost (journeyman GrFi)
 13083 | Lair:3   | 13083 ||| Stepping ~*~*~tactically~*~*~ (stealth).
 13088 | Lair:3   | Reached skill level 14 in Axes
 13636 | Lair:4   | 13636 ||| Stepping ~*~*~tactically~*~*~ (stealth).
 13639 | Lair:4   | 13639 ||| Stepping ~*~*~tactically~*~*~ (stealth).
 13645 | Lair:4   | 13645 ||| Stepping ~*~*~tactically~*~*~ (stealth).
 13646 | Lair:4   | 13646 ||| Stepping ~*~*~tactically~*~*~ (stealth).
 13647 | Lair:4   | 13647 ||| Stepping ~*~*~tactically~*~*~ (stealth).
 13648 | Lair:4   | 13648 ||| Stepping ~*~*~tactically~*~*~ (stealth).
 13662 | Lair:4   | Received a gift from Okawaru
 13671 | Lair:4   | Received a gift from Okawaru
 13812 | Lair:4   | Found a staircase to the Slime Pits.
 13813 | Lair:4   | Noticed Josephine
 13814 | Lair:4   | 13814 ||| Stepping ~*~*~tactically~*~*~ (hiding).
 13815 | Lair:4   | 13815 ||| Stepping ~*~*~tactically~*~*~ (hiding).
 13830 | Lair:4   | Killed Josephine
 14168 | Lair:4   | 14168 ||| READING scroll of enchant weapon.
 14168 | Lair:4   | 14168 ||| ENCHANTING +2 broad axe of flaming.
 14210 | Lair:4   | 14210 ||| INVOKING Heroism.
 14221 | Lair:4   | Gained mutation: Your large and strong wings let you fly.
                  | [Gargoyle growth]
 14221 | Lair:4   | Reached XP level 14. HP: 88/90 MP: 19/21
 14383 | Lair:4   | 14383 ||| Stepping ~*~*~tactically~*~*~ (hiding).
 14385 | Lair:4   | 14385 ||| Stepping ~*~*~tactically~*~*~ (hiding).
 14684 | Lair:4   | 14684 ||| UPGRADING to +0 kite shield.
 14694 | Lair:4   | 14694 ||| DROPPING +0 buckler.
 14695 | Lair:4   | 14695 ||| READING scroll labelled KANWIMNOMO.
 14719 | Lair:5   | Entered Level 5 of the Lair of Beasts
 14733 | Lair:5   | Found a frozen archway.
 14734 | Lair:5   | 14734 ||| Stepping ~*~*~tactically~*~*~ (hiding).
 14737 | Lair:5   | 14737 ||| INVOKING Heroism.
 14739 | Lair:5   | Identified the +2 buckler "Tegit" {Will+} (Okawaru gifted
                  | it to you on level 5 of the Lair of Beasts)
 14739 | Lair:5   | Received a gift from Okawaru
 14806 | Lair:5   | 14806 ||| Stepping ~*~*~tactically~*~*~ (stealth).
 14975 | Lair:5   | 14975 ||| Stepping ~*~*~tactically~*~*~ (stealth).
 14976 | Lair:5   | 14976 ||| Stepping ~*~*~tactically~*~*~ (stealth).
 14977 | Lair:5   | 14977 ||| Stepping ~*~*~tactically~*~*~ (stealth).
 15063 | Lair:5   | 15063 ||| Stepping ~*~*~tactically~*~*~ (stealth).
 15064 | Lair:5   | 15064 ||| Stepping ~*~*~tactically~*~*~ (stealth).
 15066 | Lair:5   | 15066 ||| Stepping ~*~*~tactically~*~*~ (stealth).
 15070 | Lair:5   | 15070 ||| Stepping ~*~*~tactically~*~*~ (stealth).
 15111 | Lair:5   | 15111 ||| INVOKING Heroism.
 15120 | Lair:5   | Reached skill level 9 in Shields
 15159 | Lair:5   | Noticed a dire elephant
 15159 | Lair:5   | Noticed a dire elephant
 15159 | Lair:5   | Noticed a dire elephant
 15160 | Lair:5   | 15160 ||| INVOKING Finesse.
 15233 | Lair:5   | 15233 ||| INVOKING Heroism.
 15234 | Lair:5   | 15234 ||| INVOKING Finesse.
 15283 | Lair:5   | 15283 ||| Stepping ~*~*~tactically~*~*~ (stealth).
 15298 | Lair:5   | 15298 ||| INVOKING Heroism.
 15300 | Lair:5   | 15300 ||| Stepping ~*~*~tactically~*~*~ (hiding).
 15360 | Lair:5   | 15360 ||| INVOKING Heroism.
 15400 | Lair:5   | Killed a dire elephant
 15412 | Lair:5   | Killed a dire elephant
 15415 | Lair:5   | Killed a dire elephant
 15453 | Lair:5   | Identified the +0 robe of Servitude {Str+4 Dex+3}
 15534 | Lair:5   | 15534 ||| Stepping ~*~*~tactically~*~*~ (stealth).
 15573 | Lair:5   | 15573 ||| Stepping ~*~*~tactically~*~*~ (hiding).
 15575 | Lair:5   | 15575 ||| Stepping ~*~*~tactically~*~*~ (hiding).
 15576 | Lair:5   | 15576 ||| Stepping ~*~*~tactically~*~*~ (hiding).
 15841 | Lair:5   | 15841 ||| Stepping ~*~*~tactically~*~*~ (hiding).
 15842 | Lair:5   | 15842 ||| Stepping ~*~*~tactically~*~*~ (hiding).
 15877 | Lair:5   | Reached skill level 12 in Shields
 15972 | Lair:5   | Received a gift from Okawaru
 16079 | Lair:5   | 16079 ||| PLANNING D
 16079 | Lair:5   | 16079 ||| DROPPING +1 hat.
 16080 | Lair:5   | 16080 ||| READING scroll labelled ODYSUSTIORI.
 16176 | D:12     | Noticed Snorg
 16177 | D:12     | 16177 ||| INVOKING Heroism.
 16185 | D:12     | Killed Snorg
 16258 | D:12     | 16258 ||| FLEEEEING.
 16271 | D:12     | 16271 ||| FLEEEEING.
 16314 | D:12     | 16314 ||| Stepping ~*~*~tactically~*~*~ (stealth).
 16366 | D:12     | Reached skill level 15 in Axes
 16465 | D:12     | 16465 ||| READING scroll of enchant armour.
 16465 | D:12     | 16465 ||| ENCHANTING +1 cloak.
 16946 | D:12     | 16946 ||| UPGRADING to +0 pair of boots.
 16961 | D:13     | You are sucked into a shaft and drop 2 floors!
 16961 | D:15     | Entered Level 15 of the Dungeon
 16973 | D:15     | 16973 ||| INVOKING Heroism.
 17047 | D:15     | 17047 ||| INVOKING Heroism.
 17064 | D:15     | 17064 ||| Stepping ~*~*~tactically~*~*~ (hiding).
 17065 | D:15     | 17065 ||| READING 9 scrolls of teleportation.
 17066 | D:15     | 17066 ||| Stepping ~*~*~tactically~*~*~ (hiding).
 17067 | D:15     | 17067 ||| Stepping ~*~*~tactically~*~*~ (hiding).
 17068 | D:15     | 17068 ||| READING 8 scrolls of teleportation.
 17109 | D:15     | 17109 ||| INVOKING Heroism.
 17155 | D:14     | Noticed Lodul
 17160 | D:14     | Reached XP level 15. HP: 94/94 MP: 22/22
 17166 | D:14     | Killed Lodul
 17250 | D:14     | 17250 ||| INVOKING Heroism.
 17251 | D:14     | HP: 9/94 [red ugly thing (31)]
 17251 | D:14     | HP: 4/94 [red ugly thing (5)]
 17251 | D:14     | Demolished by a red ugly thing

Levels and vault maps discovered:
D:1:      dpeg_arrival_morbid_curiosity, layout_rooms,
          shapermc_ecumenical_altar_gd
D:2:      layout_basic, minmay_pentomino_o2
D:3:      layout_loops_cross, uniq_robin
D:4:      layout_basic, jmf_multi_god_temple2, dreamdust_princess_corridor
D:5:      layout_loops_ring, mainiacjoe_overflow_tiny_flanked,
          portal_sewer_entry_e, nicolae_specific_store, uniq_duvessa,
          uniq_grinder, uniq_crazy_yiuf_cottage
D:6:      layout_loops_cross, minmay_temple_entry_nine_rooms, serial_shops,
          shop, serial_bayou, serial_bayou_lake_a, serial_bayou_pond_d,
          serial_bayou_shore_a, serial_bayou_shore_b, uniq_eustachio,
          uniq_sigmund
D:7:      layout_loops_ring, nicolae_hepliaklqana_monster_ancestors,
          enter_bailey_4, gammafunk_ghost_arena, grunt_ministairs_4
D:8:      nzn_winding_woodlands_three_and_one
          [nzn_winding_woodlands_5x15_sidewinder,
          nzn_winding_woodlands_5x15_eye, nzn_winding_woodlands_5x15_sawtooth,
          nzn_winding_woodlands_center_triple_pond], layout_rooms,
          grunt_gozag_statues
D:9:      layout_roguey, tso_oasis_becter, xom_butterflies, serial_shops,
          nicolae_shop_hallway_stairs, serial_corexii_hall,
          corexii_hall_statues_i, corexii_hall_statues_s, minivault_12
D:10:     layout_loops_ring, nicolae_uskayaw_suspiria
D:11:     layout_rooms, hellmonk_lair_entry_icy, erik_orc_1,
          nicolae_sif_muna_condensation
D:12:     layout_gridville, uniq_snorg
D:13:     layout_rooms, david_vaults_4, serial_shops,
          nicolae_shop_hallway_stairs
D:14:     kennysheep_scales, layout_grid_maze, enter_trove_2, uniq_lodul
D:15:     grunt_enter_depths_magical_seal, layout_loops_ring,
          minmay_misc_feat_five, serial_park_tiny_2, item_on_display_a
Temple:   jpeg_temple_clearing
Lair:1:   lemuel_ratsnest, layout_cave_pods, worms_lemuel
Lair:2:   layout_regular_city, skrybe_swamp_entry_bodies,
          nicolae_spider_entry_tight_spaces, chequers_serial_rivers_small_3
Lair:3:   layout_cave_pods, gammafunk_ghost_necromancy
Lair:4:   layout_cave_pods, slime_entry_1, uniq_josephine
Lair:5:   due_jungle_book, layout_gridlike, portal_ice_cave_rime,
          eino_house_with_fridge

Skill      XL: |  1  2  3  4  5  6  7  8  9 10 11 12 13 14 15 |
---------------+----------------------------------------------+-----
Axes           | 2 3 4 12 13 14 15 | 15.0
Dodging        | 1 2 3 4 |  4.8
Throwing       | 1 2 3 5 |  5.9
Fighting       | 5 6 7 8 10 11 | 11.0
Armour         | 4 5 6 7 9 10 11 | 11.0
Shields        | 4 5 6 7 12 | 12.0
Invocations    | 4 9 10 | 10.0

Action                     |  1- 3 |  4- 6 |  7- 9 | 10-12 | 13-15 || total
---------------------------+-------+-------+-------+-------+-------++-------
  Melee: War axe           |   101 |   166 |   239 |   550 |       ||  1056
         Broad axe         |       |       |       |    35 |   560 ||   595
  Throw: Javelin           |       |    10 |    49 |    34 |    97 ||   190
         Boomerang         |       |       |       |    44 |    53 ||    97
 Invoke: Heroism           |       |       |       |    23 |    16 ||    39
         Finesse           |       |       |       |       |     2 ||     2
    Use: Scroll            |     2 |     9 |     7 |     9 |     9 ||    36
         Potion            |       |     4 |     5 |     3 |       ||    12
   Stab: Distracted        |       |       |     1 |       |       ||     1
         Petrified         |       |       |       |     6 |       ||     6
         Petrifying        |       |       |       |     1 |       ||     1
 Armour: Scale mail        |    63 |     9 |       |       |       ||    72
         Chain mail        |       |    79 |    83 |   172 |       ||   334
         Plate armour      |       |       |       |    45 |   219 ||   264
  Dodge: Dodged            |    47 |    65 |    74 |   240 |   209 ||   635
  Block: Buckler           |    26 |    32 |    38 |   120 |    57 ||   273
         Kite shield       |       |       |       |       |   150 ||   150

Table legend:
 A = Non-vault XP
 B = Vault XP
 C = Vault XP percentage of total XP
 D = Non-vault monster count
 E = Vault monster count
 F = Vault count percentage of total count
                 A         B        C        D         E       F
            +---------+---------+-------+---------+---------+-------
      Total |   59443 |   29716 |  33.3 |     394 |     215 |  35.3
            +---------+---------+-------+---------+---------+-------
        D:1 |      40 |       7 |  14.9 |      24 |       4 |  14.3
        D:2 |      55 |       6 |   9.8 |      22 |       2 |   8.3
        D:3 |      82 |      35 |  29.9 |      19 |      11 |  36.7
        D:4 |     134 |       0 |   0.0 |      18 |       0 |   0.0
        D:5 |     624 |     491 |  44.0 |      12 |       3 |  20.0
        D:6 |    1442 |     434 |  23.1 |      29 |       2 |   6.5
        D:7 |    2229 |     227 |   9.2 |      29 |       9 |  23.7
        D:8 |    1000 |    4001 |  80.0 |      25 |      17 |  40.5
        D:9 |    1357 |       0 |   0.0 |       7 |       0 |   0.0
       D:10 |    1106 |       0 |   0.0 |      12 |       0 |   0.0
       D:11 |    5199 |    2111 |  28.9 |      25 |      26 |  51.0
       D:12 |    1665 |     956 |  36.5 |      10 |       1 |   9.1
       D:14 |    1617 |    1707 |  51.4 |       3 |       9 |  75.0
       D:15 |    3959 |       0 |   0.0 |       8 |       0 |   0.0
     Lair:1 |    5273 |    1244 |  19.1 |      27 |      43 |  61.4
     Lair:2 |    4669 |    1854 |  28.4 |      21 |       6 |  22.2
     Lair:3 |   11195 |       0 |   0.0 |      41 |       0 |   0.0
     Lair:4 |   10533 |    1561 |  12.9 |      35 |       4 |  10.3
     Lair:5 |    7264 |   14764 |  67.0 |      27 |      40 |  59.7
      Sewer |       0 |     318 | 100.0 |       0 |      38 | 100.0
            +---------+---------+-------+---------+---------+-------
